 Dungeon Crawl Stone Soup version 0.28.0-47-ge53b351184 (webtiles) character file.

Game seed: 7143226204066896741

359 bobregger the Cudgeller (level 6, -4/62 HPs)
             Began as an Ogre Berserker on Apr 27, 2022.
             Was a Believer of Trog.
             Killed by divine providence
             ... invoked by an orc priest
              (11 damage)
             ... on level 3 of the Dungeon.
             The game lasted 00:02:55 (2601 turns).

bobregger the Cudgeller (Ogre Berserker)            Turns: 2601, Time: 00:02:56

Health: -4/62      AC:  3    Str: 24    XL:     6   Next: 65%
Magic:  6/6        EV: 10    Int:  8    God:    Trog [**....]
Gold:   115        SH:  0    Dex:  8    Spells: 5/5 levels left

rFire   . . .      SeeInvis .   a - +0 mace
rCold   . . .      Faith    .   (no shield)
rNeg    . . .      Spirit   .   b - +0 animal skin
rPois   .          Reflect  .   (helmet restricted)
rElec   .          Harm     .   (no cloak)
rCorr   .          Rampage  .   (gloves unavailable)
Will    .....                   (boots unavailable)
Stlth   +.........              (no amulet)
HPRegen 0.20/turn               (no ring)
MPRegen 0.10/turn               (no ring)

@: on berserk cooldown, slowed, very slow
A: large, unfitting armour, tough skin 1
a: Renounce Religion, Berserk, Trog's Hand


You were on level 3 of the Dungeon.
You worshipped Trog.
Trog was pleased with you.
You visited 1 branch of the dungeon, and saw 3 of its levels.

You collected 115 gold pieces.

Inventory:

Hand Weapons
 a - a +0 mace (weapon)
Armour
 b - a +0 animal skin (worn)
Scrolls
 d - 3 scrolls of identify
 f - a scroll of summoning
Potions
 e - 2 potions of curing {unknown}
 g - a potion of berserk rage {unknown}


   Skills:
 - Level 4.0 Fighting
 + Level 6.6 Maces & Flails
 - Level 2.6 Dodging


You had 5 spell levels left.
You didn't know any spells.
Your spell library was empty.

Dungeon Overview and Level Annotations

Branches:
Dungeon (3/15)

Altars:


Innate Abilities, Weirdness & Mutations

You are too large for most types of armour.
You have tough skin. (AC +1)


Message History

You are confused.
You feel invigorated.
The goblin no longer looks unusually strong.
The bat hits you but does no damage. The goblin completely misses you.
The goblin barely misses you. The goblin hits you but does no damage.
The hobgoblin hits you.
* * * LOW HITPOINT WARNING * * *
The goblin closely misses you.
The orc priest hits you with a +0 dagger.
* * * LOW HITPOINT WARNING * * *
The goblin barely misses you. The goblin hits you with a +0 dagger.
* * * LOW HITPOINT WARNING * * *
You are too confused!
You bump into the rock wall.
You feel less invigorated.
You feel less confused. The goblin hits you but does no damage.
The hobgoblin closely misses you. The goblin barely misses you.
The orc priest looks satisfied for a moment.
The goblin hits you but does no damage. The goblin barely misses you. x2
The hobgoblin barely misses you. The goblin closely misses you.
You closely miss the goblin. The orc priest closely misses you.
The goblin barely misses you.
The goblin hits you but does no damage. x2
The hobgoblin hits you.
* * * LOW HITPOINT WARNING * * *
The goblin hits you with a +0 club.
* * * LOW HITPOINT WARNING * * *
The goblin hits you with a +0 dagger.
* * * LOW HITPOINT WARNING * * *
The goblin hits you with a +0 dagger.
* * * LOW HITPOINT WARNING * * *
Unknown command.
You barely miss the goblin. The goblin barely misses you.
The hobgoblin hits you but does no damage.
The goblin completely misses you. The goblin hits you but does no damage.
The orc barely misses you. The goblin hits you with a +0 dagger.
* * * LOW HITPOINT WARNING * * *
The goblin barely misses you. The hobgoblin closely misses you.
The orc priest calls down the wrath of Beogh upon you.
Beogh smites you!
You die...

..........########
##...............#
###.##..........#
#.##..........#
#.##).........# .
..##..........#
##..
####.........<#
....
#...).)..gg#bo#...
#$.....).g@og.....
#........gg#o.#.##
#..........# .#
#..........# #
#...........#
#.########### #.


You could see an orc priest, 2 orcs, a hobgoblin, 5 goblins and a bat.

Vanquished Creatures
  Sigmund (D:2)
  A jelly (D:2)
  Natasha (thrice) (D:2)
  Robin (D:3)
  An adder (D:2)
  A worm (D:2)
  3 dart slugs
  7 endoplasms
  6 giant cockroaches
  6 goblins
  4 hobgoblins
  3 jackals (D:1)
  3 quokkas (D:1)
  5 ball pythons
  7 bats
  3 frilled lizards
  6 kobolds
  5 rats
66 creatures vanquished.

Vanquished Creatures (others)
  A goblin (D:3)
1 creature vanquished.

Grand Total: 67 creatures vanquished

Notes
Turn   | Place    | Note
-------+----------+-------------------------------------------
     0 | D:1      | bobregger the Ogre Berserker began the quest for the Orb.
     0 | D:1      | Reached XP level 1. HP: 24/24 MP: 1/1
   194 | D:1      | Reached skill level 3 in Maces & Flails
   295 | D:1      | Reached XP level 2. HP: 16/32 MP: 2/2
   860 | D:1      | Reached XP level 3. HP: 38/39 MP: 3/3
  1123 | D:1      | Reached skill level 4 in Maces & Flails
  1628 | D:2      | Reached ** piety under Trog
  1644 | D:2      | Reached XP level 4. HP: 42/48 MP: 4/4
  1846 | D:2      | Noticed Sigmund
  1854 | D:2      | Killed Sigmund
  1855 | D:2      | Reached skill level 5 in Maces & Flails
  1855 | D:2      | Reached XP level 5. HP: 54/54 MP: 5/5
  1855 | D:2      | Reached XP level 6. HP: 62/62 MP: 6/6
  1914 | D:2      | Noticed Natasha
  1916 | D:2      | Reached skill level 6 in Maces & Flails
  1930 | D:2      | Killed Natasha
  2384 | D:2      | Noticed Natasha
  2393 | D:2      | Killed Natasha
  2494 | D:2      | Noticed Natasha
  2503 | D:2      | Killed Natasha
  2580 | D:3      | Noticed Robin
  2591 | D:3      | Killed Robin
  2601 | D:3      | Killed from afar by an orc priest

Illustrated notes

Levels and vault maps discovered:
D:1:      heliophobic_arrival_glass_houses, layout_basic,
          minmay_misc_feat_enclosed, kennysheep_boxes
D:2:      layout_basic, grunt_decor_junction, uniq_natasha, uniq_sigmund
D:3:      layout_basic, mainiacjoe_overflow_alcove_2,
          mainiacjoe_overflow_surrounded_room, lemuel_doored_altar,
          cheibrodos_sewer_entry_drain, uniq_robin, uniq_ijyb

Skill      XL: |  1  2  3  4  5  6 |
---------------+-------------------+-----
Maces & Flails | 3 4 5 6 |  6.6
Fighting       | |  4.0
Dodging        | |  2.6

Action                   |  1- 3 |  4- 6 || total
-------------------------+-------+-------++-------
Melee: Mace              |   116 |    82 ||   198
       Punch             |     1 |       ||     1
Invok: Berserk           |       |     4 ||     4
       Trog's Hand       |       |     1 ||     1
  Use: Scroll            |       |     2 ||     2
       Potion            |       |     1 ||     1
Armor: Animal skin       |    73 |    40 ||   113
Dodge: Dodged            |    90 |    81 ||   171
